 Dungeon Crawl Stone Soup version 0.32-a0-732-ga344392067 (webtiles) character file.

Game seed: 9745556838181487503

28 gimp the Trooper (level 3, -3/31 HPs)
             Began as a Coglin Wanderer on Mar 16, 2024.
             Slain by a quokka (4 damage)
             ... on level 1 of the Dungeon.
             The game lasted 00:01:33 (584 turns).

gimp the Trooper (Coglin Wanderer)                   Turns: 584, Time: 00:01:33

Health: -3/31      AC:  2    Str: 14    XL:     3   Next: 12%
Magic:  4/4        EV: 10    Int: 12    God:
Gold:   81         SH:  0    Dex: 12    Spells: 3/4 levels left

rFire   . . .        a - +1 hand axe {Daeho}
rCold   . . .        d - +0 dagger {Liang}
rNeg    . . .        c - +0 robe
rPois   .            (no helmet)
rElec   .            (no cloak)
rCorr   .            (no gloves)
SInv    .            (no boots)
Will    .....        (amulet unavailable)
Stlth   +            (ring unavailable)
HPRegen 0.25/turn    (ring unavailable)
MPRegen 0.09/turn    (no gizmo)

%: no passive effects
@: revved
A: off-hand wielding, slow wielding, warmup strikes, no jewellery
a: Invent Gizmo


You were on level 1 of the Dungeon.
You visited 1 branch of the dungeon, and saw 1 of its levels.

You collected 81 gold pieces.

Inventory:

Hand Weapons
 a - a +1 hand axe (weapon) {Daeho}
 d - a +0 dagger (offhand) {Liang}
Armour
 c - a +0 robe (worn)
Scrolls
 b - a scroll of fear
 f - a scroll of poison {unknown}
 g - a scroll of identify {unknown}
 h - a scroll of blinking {unknown}
 i - a scroll of fog {unknown}
Potions
 e - a potion of resistance {unknown}


   Skills:
 + Level 4.3 Fighting
 * Level 3.1 Axes
 - Level 1.0 Spellcasting
 - Level 2.6 Air Magic


You had 3 spell levels left.
You knew the following spells:

 Your Spells              Type           Power      Damage    Failure   Level
a - Shock                 Conj/Air       12%        1d3       17%         1

Your spell library contained the following spells:

 Spells                   Type           Power      Damage    Failure   Level
 Mephitic Cloud           Conj/Alch/Air  2%         N/A       54%         3
 Summon Lightning Spire   Summ/Air       3%         N/A       86%         4


Dungeon Overview and Level Annotations

Branches:
Dungeon (1/15)

Altars:


Innate Abilities, Weirdness & Mutations

You can wield a second weapon in your off-hand.
It takes a long time for you to wield or remove held weapons.
Your first few attacks do less damage.
You cannot equip rings or amulets.


Message History

Your experience leads to an increase in your attributes!
Increase (S)trength, (I)ntelligence, or (D)exterity?
You feel stronger. x2
Your brain swirls with designs for a N-80 gyrocapacitor.
You just need some more time...
You regained 5 hp, and now have 26/30 hp.
MP restored: 4 You hit the quokka with your +0 dagger.
The quokka is lightly wounded.
You closely miss the quokka with your +1 hand axe.
The quokka misses you. The jackal barely misses you.
You miss the quokka with your +0 dagger.
The quokka is lightly wounded.
You barely miss the quokka with your +1 hand axe.
You hit the jackal but do no damage. The jackal bites you.
The quokka closely misses you. The jackal barely misses you.
You closely miss the quokka with your +0 dagger.
The quokka is lightly wounded.
You closely miss the quokka with your +1 hand axe.
You barely miss the rat with your +1 hand axe.
You closely miss the jackal with your +1 hand axe.
The jackal barks!
You hit the jackal with your +1 hand axe.
The quokka bites you. The jackal barely misses you.
The jackal closely misses you. The rat bites you.
The quokka closely misses you. The jackal bites you.
You take 4 damage, and have 22/30 hp.
You hit the jackal but do no damage.
The jackal is almost dead.
You hit the jackal but do no damage.
You hit the quokka with your +1 hand axe.
You hit the rat but do no damage.
You barely miss the jackal with your +1 hand axe.
The jackal misses you. The quokka barely misses you. The jackal bites you.
The rat closely misses you.
The jackal bites you but does no damage.
You take 1 damage, and have 21/30 hp.
You closely miss the jackal with your +1 hand axe.
The jackal is almost dead.
You hit the jackal with your +1 hand axe. x2
You hit the quokka but do no damage. You hit the rat with your +1 hand axe.
You kill the rat!
You closely miss the jackal with your +0 dagger.
The jackal bites you. The jackal closely misses you. The jackal bites you.
The quokka barely misses you.
A quokka comes into view.
The jackal bites you. The jackal barely misses you.
You take 6 damage, and have 15/30 hp.
You are too injured to fight recklessly!
You are too injured to fight recklessly!
You hit the jackal but do no damage.
The jackal is almost dead.
You hit the jackal with your +1 hand axe.
You kill the jackal!
You closely miss the jackal with your +1 hand axe.
You closely miss the quokka with your +1 hand axe.
You closely miss the jackal with your +1 hand axe.
The jackal bites you but does no damage.
The quokka bites you.
The jackal bites you but does no damage. x2
The quokka bites you.
You take 4 damage, and have 11/31 hp.
You barely miss the jackal with your +1 hand axe.
The jackal is heavily wounded.
You closely miss the jackal with your +1 hand axe.
You hit the quokka with your +1 hand axe.
You closely miss the jackal with your +0 dagger.
The jackal bites you.
* * * LOW HITPOINT WARNING * * *
The jackal closely misses you. The quokka bites you.
* * * LOW HITPOINT WARNING * * *
You take 3 damage, and have 8/31 hp.
You hit the jackal with your +0 dagger.
You kill the jackal!
You closely miss the jackal with your +1 hand axe.
You closely miss the quokka with your +1 hand axe.
You hit the jackal but do no damage. The jackal bites you.
* * * LOW HITPOINT WARNING * * *
The jackal bites you.
* * * LOW HITPOINT WARNING * * *
The quokka barely misses you.
The jackal bites you but does no damage. x2
You take 2 damage, and have 6/31 hp.
You hit the jackal but do no damage.
You barely miss the jackal with your +1 hand axe.
You hit the quokka with your +1 hand axe.
You closely miss the jackal with your +1 hand axe.
The jackal bites you.
* * * LOW HITPOINT WARNING * * *
The quokka closely misses you. The jackal closely misses you.
The jackal completely misses you.
You take 1 damage, and have 5/31 hp.
You hit the jackal with your +1 hand axe.
You kill the jackal!
You closely miss the jackal with your +1 hand axe.
You hit the quokka but do no damage. The quokka bites you.
* * * LOW HITPOINT WARNING * * *
The jackal bites you.
* * * LOW HITPOINT WARNING * * *
The quokka bites you.
You die...

......................
##.♣
....#####..............
#... ....
...####......... #♣..
... ............###
#..♣ ............# #...
##..........# #...
#.........## #...
#......r..###... #♣..
#......)@$...... #...
#......r.h.....# #...
####...........# ##.<
#..........## ##.
............# ##
.............# #
.......####### #
.....##


You could see 2 quokkas and a jackal.

Vanquished Creatures
  4 endoplasms (D:1)
  A giant cockroach (D:1)
  3 goblins (D:1)
  2 hobgoblins (D:1)
  5 jackals (D:1)
  4 kobolds (D:1)
  A ball python (D:1)
  2 bats (D:1)
  3 rats (D:1)
25 creatures vanquished.

Notes
Turn   | Place    | Note
-------+----------+-------------------------------------------
     0 | D:1      | gimp the Coglin Wanderer began the quest for the Orb.
     0 | D:1      | gimp set off with the following items: a +1 hand axe
                  | {Daeho}, a scroll of fear, a +0 robe, a +0 dagger {Liang};
                  | and the following spell memorised: Shock; and the following
                  | spells available to memorise: Mephitic Cloud, Summon
                  | Lightning Spire.
     0 | D:1      | Reached XP level 1. HP: 19/19 MP: 2/2
   164 | D:1      | Reached XP level 2. HP: 15/25 MP: 3/3
   575 | D:1      | Reached XP level 3. HP: 26/30 MP: 4/4
   584 | D:1      | HP: 1/31 [jackal (3)]
   584 | D:1      | Slain by a quokka

Illustrated notes

Levels and vault maps discovered:
D:1:      nzn_arrival_settlement, layout_basic

Skill      XL: |  1  2 |
---------------+-------+-----
Axes           | 3 |  3.1
Fighting       | |  4.3
Spellcasting   | |  1.0
Air Magic      | |  2.6

Action                     || total
---------------------------++-------
  Melee: Hand axe          ||    54
         Dagger            ||    53
   Cast: Shock             ||     1
 Armour: Robe              ||    67
  Dodge: Dodged            ||    47

Table legend: (Time is in decaauts)
 A = Elapsed time spent in this place.
 B = Non-inter-level travel time spent in this place.
 C = Inter-level travel time spent in this place.
 D = Time resting spent in this place.
 E = Time spent auto-exploring this place.
 F = Levels seen in this place.
 G = Mean time per level.
                   A        B        C        D        E       F      G
               +--------+--------+--------+--------+--------+-----+--------+
         Total |    588 |    588 |      0 |      4 |    431 |   1 |  588.0 |
       Dungeon |    588 |    588 |      0 |      4 |    431 |   1 |  588.0 |
               +--------+--------+--------+--------+--------+-----+--------+

Top non-repeatable levels by time:
     D:1: 588 daAuts
